cohdb
Replays
Latest Replays
All Replays
Popular Replays
Top Player Replays
Match Explorer
How It Works
Community
CoH3 Stats
Reddit
Sign in to upload your games and track your stats! →
Sign in with Steam
Match 45451622
Unlisted
Match 45451622
Overview
Messages
Build Orders
End
Pioneer Squad
Pioneer Squad
Construct Infanterie Kompanie
Selects Terror Battlegroup
Selects Machine Gun Camouflage
MG 42 Machine Gun Team
MG 42 Machine Gun Team
Grenadier Squad
Construct Luftwaffe Kompanie
221 Scout Car
Jäger Squad
Jäger Squad
Medical Station
Selects No Quarter
Support Elements
Marder III M Tank Destroyer
Flak 30 Anti-aircraft Gun Team
Marder III M Tank Destroyer
MisiaczekUwUPolska
Skeng.Tecnica.International
0
0
Comments
sign in to comment!
No comments posted yet!